AoeStats
← nikolai3toaster

Hideout

507756343Analyzed
1v1 RM · 12d ago on Sep 19, 2026· 76m 9s· 2 players
Game mode
Random Map
Map size
Tiny (2 player)
Population
200
Speed
Normal
Resources
Standard
Victory
Conquest
Starting age
Dark Age
Ending age
Imperial Age
RankedLock teamsTeams togetherTeam positionsShared explorationLock speedFull tech treeHidden civsTurbo modeCheats
Victory
Defeat
🇨🇭 Maya · Switzerland
745
+14
🇲🇲 Byzantines · Myanmar (Burma)
691
-14
Wai-Yan-Tun
4:05 Loom
10:56 Feudal Age
11:54 Double-Bit Axe
12:47 Horse Collar
19:44 Castle Age
21:19 Bow Saw
21:13 Heavy Plow
21:05 Stone Mining
24:12 Fervor
34:46 Imperial Age
32:55 Wheelbarrow
32:35 Elite Skirmisher
33:22 Thumb Ring
33:08 Fletching
33:58 Forging
33:48 Padded Archer Armor
33:51 Scale Mail Armor
34:57 Hand Cart
34:53 Bodkin Arrow
37:53 Two-Man Saw
38:02 Chemistry
38:00 Bracer
38:17 Leather Archer Armor
38:38 Iron Casting
38:19 Chain Mail Armor
38:10 Scale Barding Armor
37:29 Light Cavalry
38:10 Husbandry
37:31 Cavalier
37:33 Heavy Camel Rider
39:00 Treadmill Crane
41:50 Conscription
40:54 Hussar
42:07 Plate Mail Armor
42:59 Fortified Wall
42:46 Murder Holes
42:36 Arrowslits
43:12 Bombard Tower
46:23 Ballistics
45:35 Paladin
48:00 Ring Archer Armor
47:51 Chain Barding Armor
50:16 Onager
53:48 Plate Barding Armor
53:06 Guard Tower
54:18 Pikeman
55:02 Squires
54:49 Gambesons
54:50 Arson
56:20 Halberdier
60:44 Keep
75:08 Man-at-Arms
nikolai3toaster
1:11 Loom
11:22 Feudal Age
11:52 Double-Bit Axe
11:49 Horse Collar
19:30 Arson
19:55 Fletching
20:06 Padded Archer Armor
20:07 Scale Mail Armor
20:18 Forging
22:18 Castle Age
21:00 Wheelbarrow
21:25 Stone Mining
21:29 Gold Mining
23:40 Heavy Plow
23:52 Bow Saw
23:07 Pikeman
23:51 Squires
24:59 Stone Shaft Mining
29:45 Thumb Ring
36:03 Imperial Age
34:27 Leather Archer Armor
34:08 Bodkin Arrow
34:48 Iron Casting
36:01 Ballistics
35:38 Murder Holes
36:52 Halberdier
38:00 Hand Cart
38:17 Crop Rotation
37:48 Capped Ram
40:45 Two-Man Saw
40:10 Bracer
40:25 Elite Plumed Archer
41:40 Siege Ram
44:24 Holcans
43:19 Eagle Warrior
46:19 Ring Archer Armor
46:50 Blast Furnace
46:06 Chain Mail Armor
45:54 Elite Eagle Warrior
62:52 Elite Skirmisher
67:17 Hul'che Javelineers
Connection lost

Rejoining the realm…

Still unreachable

The connection could not be restored.

Session expired

The server has moved on; the page needs a fresh start.